 Dungeon Crawl Stone Soup version 0.20-a0-1034-gb277f92 (webtiles) character file.

197 galech the Ducker (level 5, -1/53 HPs)
             Began as a Troll Monk on Apr 21, 2017.
             Was a Believer of Elyvilon.
             Slain by an ogre
             ... wielding a +0 giant spiked club
              (24 damage)
             ... on level 4 of the Dungeon.
             The game lasted 00:04:26 (2531 turns).

galech the Ducker (Troll Monk)                      Turns: 2531, Time: 00:04:26

Health: -1/53      AC:  5    Str: 20    XL:     5   Next: 46%
Magic:  4/4        EV: 11    Int:  6    God:    Elyvilon [**....]
Gold:   164        SH:  0    Dex: 12    Spells: 4/4 levels left

rFire    . . .     SeeInvis .     - Unarmed
rCold    . . .     Gourm    +   (no shield)
rNeg     . . .     Faith    .   a - +0 robe
rPois    .         Spirit   .   (helmet restricted)
rElec    .         Reflect  .   (no cloak)
rCorr    .         Harm     .   (gloves unavailable)
MR       +....                  (boots unavailable)
Stlth    ++........             (no amulet)
Regen    0.6/turn               g - ring of protection from magic
MPRegen  0.1/turn               o - ring of flight

@: no status effects
A: unfitting armour, claws 3, fast metabolism 3, gourmand, regeneration 1,
shaggy fur 1, tough skin 2
a: Lesser Healing, Heal Other, Divine Protection, Renounce Religion, Evoke
Flight


You were on level 4 of the Dungeon.
You worshipped Elyvilon.
Elyvilon was pleased with you.
You were completely stuffed.

You visited 1 branch of the dungeon, and saw 4 of its levels.

You collected 164 gold pieces.

Inventory:

Armour
 a - a +0 robe (worn)
Jewellery
 g - a ring of protection from magic (left claw)
 o - a ring of flight (right claw)
Scrolls
 c - 2 scrolls of remove curse
 d - a scroll of enchant weapon {unknown}
 j - a scroll of noise {unknown}
 k - 2 scrolls of identify
 l - a scroll of magic mapping
 m - 2 scrolls of teleportation {unknown}
 n - 2 scrolls of blinking {unknown}
 r - a scroll of recharging {unknown}
Potions
 e - 2 potions of heal wounds {unknown}
 f - 2 potions of invisibility {unknown}
 h - a potion of berserk rage {unknown}
 i - a potion of brilliance {unknown}
 s - a potion of flight {unknown}
Comestibles
 b - 5 bread rations
 p - a meat ration
 q - a chunk of flesh


   Skills:
 + Level 3.6 Fighting
 + Level 4.0 Dodging
 + Level 2.7 Stealth
 + Level 3.1 Unarmed Combat


You had 4 spell levels left.
You didn't know any spells.

Dungeon Overview and Level Annotations

Branches:
Dungeon (4/15)
 Temple: D:4-7

Altars:
Elyvilon
Hepliaklqana
Okawaru
Qazlal


Innate Abilities, Weirdness & Mutations

You are too large for most types of armour.
You have claws for hands.
Your metabolism is lightning-fast.
You like to eat raw meat.
Your natural rate of healing is unusually fast.
You are covered in fur. (AC +1)
You have very tough skin. (AC +2)


Message History

You now have 164 gold pieces (gained 11).
An ogre comes into view. It is wielding a giant spiked club.
The ogre shouts!
An orc comes into view.
The orc shouts!
The orc moves out of view.
An orc comes into view. It is wielding a club.
The ogre closely misses you.
An orc comes into view. It is wielding a short sword.
You barely miss the ogre.
The orc shouts!
The ogre hits you with a giant spiked club!!
Ouch! That really hurt!
You hear a shout!
An orc comes into view.
You scratch the ogre but do no damage. You scratch the ogre.
The ogre is lightly wounded.
The ogre hits you with a giant spiked club!!
You die...

#### ..#### #....### .
#...... ..### #....#
...?.####.#.##
o....o.#....<##########.#
#...#oo..oO@.......#
###....o############
#######.#.<..<..[.
#.................
#.#####.#..######. #.#..#
##.#..# #.....# #..##.#


You could see an ogre and 4 orcs.

Vanquished Creatures
  5 gnolls
  6 adders
  A worm (D:3)
  3 dart slugs
  4 leopard geckos
  2 orcs (D:3)
  A ball python (D:3)
  8 bats
  2 giant cockroaches (D:3)
  9 goblins
  8 hobgoblins
  12 jackals
  A quokka (D:2)
  5 frilled lizards
  5 kobolds
  A quokka skeleton (D:4)
  5 rats
78 creatures vanquished.

Notes
Turn   | Place    | Note
-------+----------+-------------------------------------------
     0 | D:1      | galech the Troll Monk began the quest for the Orb.
     0 | D:1      | Reached XP level 1. HP: 23/23 MP: 0/0
   181 | D:1      | Reached XP level 2. HP: 31/31 MP: 1/1
   515 | D:1      | Reached XP level 3. HP: 37/37 MP: 2/2
   745 | D:2      | Reached skill level 1 in Unarmed Combat
   820 | D:2      | Found a stormy altar of Qazlal.
  1014 | D:2      | Found a hazy altar of Hepliaklqana.
  1040 | D:2      | Found an iron altar of Okawaru.
  1090 | D:2      | Reached XP level 4. HP: 42/45 MP: 3/3
  1176 | D:2      | Found a white marble altar of Elyvilon.
  1181 | D:2      | Became a worshipper of Elyvilon the Healer
  1181 | D:2      | Reached * piety under Elyvilon
  1181 | D:2      | Reached ** piety under Elyvilon
  1778 | D:3      | Reached XP level 5. HP: 53/53 MP: 4/4
  2257 | D:3      | Reached skill level 4 in Dodging
  2513 | D:4      | Noticed an ogre
  2531 | D:4      | Slain by an ogre

Vault maps used:
D:1:      tarquinn_simple_flora_water_a
D:2:      grunt_qazlal_clouds, okawaru_gym_becter, lemuel_doored_altar,
          lemuel_crystal_altar
D:3:      nicolae_underground_beach
D:4:      grunt_temple_overflow_lords_of_destruction, kennysheep_mini_moat

Skill      XL: |  1  2  3  4  5 |
---------------+----------------+-----
Unarmed Combat | 1 2 3 |  3.1
Dodging        | 4 |  4.0
Fighting       | |  3.6
Stealth        | |  2.7

Action                   |  1- 3 |  4- 6 || total
-------------------------+-------+-------++-------
Melee: Unarmed           |    91 |   135 ||   226
  Use: Scroll            |       |     2 ||     2
 Stab: Sleeping          |     5 |     5 ||    10
  Eat: Chunk             |    16 |    13 ||    29
Armor: Robe              |    32 |    31 ||    63
Dodge: Dodged            |    43 |    65 ||   108
